 Dungeon Crawl Stone Soup version 0.31-a0-152-g6aa68a64a1 (webtiles) character file.

Game seed: 15015641498780698283

4737 Ijustatesigmund the Tainter (level 10, -16/61 HPs)
             Began as an Octopode Venom Mage on June 9, 2023.
             Was a Priest of Cheibriados.
             Demolished by a two-headed ogre
             ... wielding a +0 giant club
              (19 damage)
             ... while paralysed by a centaur
             ... on level 8 of the Dungeon.
             The game lasted 00:25:55 (9970 turns).

Ijustatesigmund the Tainter (Octopode Venom Mage)   Turns: 9970, Time: 00:25:56

Health: -16/61     AC:  1    Str: 14    XL:     10   Next: 46%
Magic:  1/20       EV:  2    Int: 29    God:    Cheibriados [***...]
Gold:   568        SH:  0    Dex: 25    Spells: 5/22 levels left

rFire   . . .        c - +4 long sword (flame)
rCold   + . .        (no shield)
rNeg    . . .        (helmet restricted)
rPois   .            (no amulet)
rElec   .            e - ring of protection from cold
rCorr   .            n - ring of wizardry
SInv    .            r - +5 ring of evasion
Will    .....        f - +5 ring of evasion
Stlth   +++++        (no ring)
HPRegen 0.30/turn    (no ring)
MPRegen 0.17/turn    (no ring)
                     (no ring)

%: wizardry (x1)
@: paralysed, radiating poison, very slow
A: almost no armour, amphibious, 8 rings, camouflage 2, gelatinous body 1,
(nimble swimmer 1), tentacles, agile 1
a: Renounce Religion, Bend Time, Temporal Distortion


You were on level 8 of the Dungeon.
You worshipped Cheibriados.
Cheibriados was most pleased with you.
You visited 1 branch of the dungeon, and saw 8 of its levels.
You also visited: Ossuary and Bailey.

You collected 568 gold pieces.

Inventory:

Hand Weapons
 c - a +4 long sword of flaming (weapon)
Missiles
 m - 2 throwing nets
Magical Staves
 d - a staff of air
Jewellery
 e - a ring of protection from cold (left tentacle)
 f - a +5 ring of evasion (on tentacle)
 n - a ring of wizardry (right tentacle)
 r - a +5 ring of evasion (on tentacle)
Wands
 j - a wand of digging (5)
 l - a wand of mindburst (6)
 s - a wand of polymorph (6)
Scrolls
 p - a scroll of brand weapon
 q - a scroll of immolation
 u - 5 scrolls of enchant armour
 v - 3 scrolls of summoning
 w - a scroll of teleportation
Potions
 a - 2 potions of magic
 b - 4 potions of mutation
 h - a potion of brilliance
 i - 2 potions of attraction {unknown}
 k - a potion of heal wounds
 o - 2 potions of lignification
 t - 2 potions of experience {unknown}
 x - 2 potions of invisibility {unknown}
 z - 4 potions of might {unknown}
 A - a potion of cancellation {unknown}


   Skills:
 - Level 2.5 Fighting
 - Level 2.1 Long Blades
 - Level 5.0 Dodging
 - Level 4.1 Stealth
 + Level 6.9 Spellcasting
 + Level 3.0 Conjurations
 + Level 1.7 Hexes
 - Level 1.4 Transmutations
 + Level 1.8 Fire Magic
 - Level 2.2 Air Magic
 - Level 9.6 Poison Magic
 + Level 6.6 Invocations
 - Level 3.4 Evocations


You had 5 spell levels left.
You knew the following spells:

 Your Spells              Type           Power      Damage    Failure   Level
a - Sting                 Tmut/Pois      100%       1d8       1%          1
b - Poisonous Vapours     Pois/Air       88%        N/A       1%          2
c - Mephitic Cloud        Conj/Pois/Air  38%        N/A       1%          3
d - Olgreb's Toxic Radia  Pois           60%        N/A       1%          4
e - Inner Flame           Hex/Fire       20%        N/A       3%          3
f - Flame Wave            Conj/Fire      24%        2d8       8%          4

Your spell library contained the following spells:

 Spells                   Type           Power      Damage    Failure   Level
 Beastly Appendage        Tmut           36%        N/A       1%          1
 Wereblood                Tmut           18%        N/A       1%          2
 Spider Form              Tmut/Pois      42%        N/A       1%          3
 Sticky Flame             Conj/Fire      24%        2d5       8%          4
 Summon Lightning Spire   Summ/Air       16%        N/A       13%         4
 Blade Hands              Tmut           9%         N/A       30%         5
 Animate Armour           Summ/Erth      Unusable   N/A       N/A         4

Dungeon Overview and Level Annotations

Branches:
Dungeon (8/15)             Temple (0/1) D:7         Ossuary (visited)
 Bailey (visited)
   Lair: D:8-11

Altars:
Cheibriados
Dithmenos
Elyvilon
Fedhas
Hepliaklqana
Makhleb
Qazlal
Sif Muna
Trog
Zin

Shops:
D:3 (


Innate Abilities, Weirdness & Mutations

You cannot wear most types of armour.
You are amphibious.
You can wear up to eight rings at the same time.
Your skin blends seamlessly with your surroundings (Stealth++).
Your rubbery body absorbs attacks. (AC +1, EV +1)
((You are camouflaged when in or above water. (Stealth+)))
You have tentacles for arms and can constrict up to eight enemies at once.
You are agile. (Dex +4, Str/Int -1)


Message History

You kill the manticore!
Cheibriados appreciates the change of pace.
A basilisk comes into view.
The two-headed ogre is engulfed in noxious fumes.
Your Conjurations skill increases to level 3!
The two-headed ogre looks even sicker.
The basilisk is poisoned.
Your toxic aura wanes.
As you read the scroll of fear, it crumbles to dust.
You assume a fearsome visage.
The two-headed ogre easily resists.
The sleepcap is unaffected.
The basilisk looks frightened!
A centaur comes into view.
It is wielding a +0 trident and carrying a wand of paralysis (2).
You warp the flow of time around you!
A yak comes into view.
You feel much better.
You carefully extract the barbed spikes from your body.
The centaur unwields a +0 trident.
The centaur wields a +0 orcbow.
The centaur shoots an arrow.
The arrow hits you!
The centaur shoots an arrow.
The arrow misses you.
The arrow hits the yak.
The two-headed ogre hits you with a +0 giant club!
The two-headed ogre misses you.
A water moccasin comes into view.
The sleepcap closely misses you.
The yak bellows!
You see here a +0 long sword.
Casting: Olgreb's Toxic Radiance (safe; 1% risk of failure)
Confirm with . or Enter, or press ? or * to list all spells.
You begin to radiate toxic energy.
The yak is poisoned.
The two-headed ogre looks even sicker.
The centaur is poisoned.
The water moccasin hisses angrily.
The yak looks even sicker.
The centaur looks even sicker.
The centaur shoots an arrow.
The arrow completely misses you.
The two-headed ogre completely misses you. x2
The sleepcap barely misses you.
The centaur zaps a wand.
You suddenly lose the ability to move!
The two-headed ogre looks even sicker.
The centaur shoots an arrow.
The arrow hits you!
The two-headed ogre hits you with a +0 giant club!!
* * * LOW HITPOINT WARNING * * *
The two-headed ogre hits you with a +0 giant spiked club!!
You die...

.. ... ### ##.##..#
..). ......>. ....#
........ ..†)
####....... .S###
#... .....#..
#O.####c####.......
#.@##......<.#..#.#
#.f..c#............
#.Y...######......#
......##.#
#......<.
[......##.#
#.)..#..#
###..####.##
#...#.... #.. #..#
#...#.#.. ?/##
####.####...#....
)?
#......###..#...#


You could see a two-headed ogre (very poisoned), a yak (very poisoned), a water
moccasin, a sleepcap and a centaur (very poisoned).

Vanquished Creatures
  2 orc knights (Bailey)
  A deep elf pyromancer (D:8)
  A manticore (D:8)
  7 orc warriors
  A sky beast (D:6)
  2 black bears
  2 phantoms
  4 elf zombies (Ossuary)
  A gnoll sergeant (D:7)
  A kobold brigand (D:6)
  A bullfrog (D:6)
  3 scorpions
  A howler monkey (D:8)
  7 hounds
  3 jellies
  4 human zombies (Ossuary)
  2 orc priests
  4 centaur zombies (Ossuary)
  2 gnoll boudas
  3 iguanas
  5 orc wizards
  3 mummies (Ossuary)
  18 gnolls
  7 adders
  A white imp (D:7)
  An ufetubus (D:2)
  A worm (D:2)
  3 dart slugs
  35 orcs
  2 ball pythons (D:3)
  3 bats
  8 endoplasms
  5 giant cockroaches
  4 hobgoblins
  7 jackals
  3 quokkas
  3 frilled lizards
  11 goblins
  11 kobolds
  An orc zombie (D:6)
  7 rats
191 creatures vanquished.

Notes
Turn   | Place    | Note
-------+----------+-------------------------------------------
     0 | D:1      | Ijustatesigmund the Octopode Venom Mage began the quest for
                  | the Orb.
     0 | D:1      | Reached XP level 1. HP: 11/11 MP: 3/3
   243 | D:1      | Reached XP level 2. HP: 18/18 MP: 3/5
   581 | D:1      | Learned a level 2 spell: Poisonous Vapours
   595 | D:1      | Reached skill level 1 in Fighting
   662 | D:1      | Reached skill level 4 in Poison Magic
   696 | D:1      | Reached XP level 3. HP: 17/23 MP: 4/6
   700 | D:1      | Learned a level 3 spell: Mephitic Cloud
  1013 | D:2      | Gained mutation: You are agile. (Dex +4, Str/Int -1)
                  | [potion of mutation]
  1013 | D:2      | Gained mutation: Your skin blends seamlessly with your
                  | surroundings (Stealth++). [potion of mutation]
  1460 | D:2      | Reached XP level 4. HP: 25/28 MP: 7/7
  1470 | D:2      | Reached skill level 1 in Conjurations
  1470 | D:2      | Reached skill level 1 in Air Magic
  2224 | D:3      | Found a stormy altar of Qazlal.
  2317 | D:3      | Found Quxkobul's Weapon Emporium.
  2548 | D:3      | Reached XP level 5. HP: 33/33 MP: 6/9
  3375 | D:4      | Reached skill level 5 in Poison Magic
  3380 | D:4      | Learned a level 4 spell: Olgreb's Toxic Radiance
  3531 | D:4      | Found a bloodstained altar of Trog.
  3590 | D:4      | Reached XP level 6. HP: 27/38 MP: 8/10
  3674 | D:4      | Found a shadowy altar of Dithmenos.
  3713 | D:4      | Found a burning altar of Makhleb.
  3718 | D:4      | Found a glowing silver altar of Zin.
  3718 | D:4      | Noticed an Executioner
  3718 | D:4      | Noticed an angel
  4111 | D:4      | Found a shimmering blue altar of Sif Muna.
  4188 | D:4      | Reached skill level 1 in Long Blades
  4363 | D:5      | Entered Level 5 of the Dungeon
  4376 | D:5      | Noticed a black bear
  4387 | D:5      | Killed a black bear
  4401 | D:5      | Reached XP level 7. HP: 24/45 MP: 6/11
  4844 | D:5      | Found a large runed translucent door.
  4844 | D:5      | Found a large runed translucent door.
  5011 | D:5      | Identified the +5 ring mail of Fortification {+Inv rF+}
  5075 | D:5      | Reached skill level 6 in Poison Magic
  5118 | D:5      | Found a snail-covered altar of Cheibriados.
  5526 | D:5      | Found a hazy altar of Hepliaklqana.
  5712 | D:5      | Found a blossoming altar of Fedhas.
  5777 | D:5      | Became a worshipper of Cheibriados the Contemplative
  5980 | D:6      | Reached skill level 1 in Invocations
  5980 | D:6      | Reached skill level 1 in Evocations
  5980 | D:6      | Reached XP level 8. HP: 32/51 MP: 10/14
  6160 | D:6      | Reached skill level 7 in Poison Magic
  6161 | D:6      | Found a sand-covered staircase.
  6170 | Ossuary  | Entered an ossuary
  6679 | Ossuary  | Reached * piety under Cheibriados
  6936 | Ossuary  | Reached skill level 5 in Spellcasting
  7359 | D:6      | Found a white marble altar of Elyvilon.
  7433 | D:6      | Reached XP level 9. HP: 55/55 MP: 16/16
  7509 | D:6      | Reached skill level 8 in Poison Magic
  8442 | D:7      | Reached ** piety under Cheibriados
  8502 | D:7      | Found a flagged portal.
  8513 | Bailey   | Entered a bailey
  8756 | Bailey   | Noticed an orc knight
  8758 | Bailey   | Reached *** piety under Cheibriados
  8769 | Bailey   | Reached skill level 5 in Invocations
  8771 | Bailey   | Killed an orc knight
  8772 | Bailey   | Reached skill level 9 in Poison Magic
  9059 | Bailey   | Noticed an orc knight
  9110 | Bailey   | Reached XP level 10. HP: 61/61 MP: 14/19
  9120 | Bailey   | Killed an orc knight
  9121 | Bailey   | Reached skill level 5 in Dodging
  9353 | D:7      | Learned a level 3 spell: Inner Flame
  9358 | D:7      | Learned a level 4 spell: Flame Wave
  9384 | D:7      | Found a staircase to the Ecumenical Temple.
  9828 | D:7      | Found a hazy altar of Hepliaklqana.
  9954 | D:8      | Noticed a deep elf pyromancer
  9955 | D:8      | Noticed a manticore
  9959 | D:8      | Killed a deep elf pyromancer
  9960 | D:8      | Reached skill level 1 in Hexes
  9960 | D:8      | Reached skill level 1 in Fire Magic
  9963 | D:8      | Noticed a two-headed ogre
  9964 | D:8      | Killed a manticore
  9969 | D:8      | Paralysed by a centaur for 5 turns
  9970 | D:8      | HP: 3/61 [two-headed ogre/+0 giant club (22)]
  9970 | D:8      | Demolished by a two-headed ogre

Illustrated notes

Levels and vault maps discovered:
D:1:      ncdulo_wetmaze, layout_rooms
D:2:      layout_basic, kennysheep_potato
D:3:      layout_loops_ring, mainiacjoe_overflow_small_starburst, serial_shops,
          shop
D:4:      layout_layer_cave, grunt_temple_overflow_order_and_chaos_2,
          nicolae_dithmenos_the_darkroom, nicolae_sif_muna_condensation,
          mainiacjoe_overflow_catwalk, kennysheep_small_circle
D:5:      layout_loops_ring, lemuel_coloured_pillars_altar,
          jmf_multi_god_temple2, chequers_serial_rivers_small_b,
          palyth_stone_intersect, kennysheep_generic_room_16
D:6:      black_bear_nest_2, layout_gridville, mainiacjoe_overflow_boulevard,
          enter_ossuary_3
D:7:      layout_basic, temple_pool_b, enter_bailey_3, kennysheep_diamond
D:8:      minmay_bloctagon, layout_basic, serial_shops, shop, serial_ice,
          serial_ice_h, serial_ice_g, serial_ice_m, serial_ice_n,
          minmay_manual_maat

Skill      XL: |  1  2  3  4  5  6  7  8  9 10 |
---------------+-------------------------------+-----
Fighting       | 1 2 |  2.5
Poison Magic   | 4 5 6 7 9 |  9.6
Conjurations   | 1 2 3 |  3.0
Air Magic      | 1 2 |  2.2
Spellcasting   | 3 4 5 6 |  6.9
Stealth        | 3 4 |  4.1
Long Blades    | 1 2 |  2.1
Invocations    | 1 3 5 6 |  6.6
Evocations     | 1 3 |  3.4
Dodging        | 4 5 |  5.0
Hexes          | 1 |  1.7
Fire Magic     | 1 |  1.8
Transmutations | |  1.4

Action                     |  1- 3 |  4- 6 |  7- 9 | 10-12 || total
---------------------------+-------+-------+-------+-------++-------
  Melee: Dagger            |     3 |       |       |       ||     3
         Short sword       |    13 |       |       |       ||    13
         Constrict         |    10 |    18 |    31 |     4 ||    63
         Tentacles         |     5 |    16 |    57 |     5 ||    83
         Long sword        |    28 |    58 |   168 |    12 ||   266
         Punch             |     1 |     2 |     5 |     1 ||     9
   Cast: Sting             |    22 |     1 |     4 |       ||    27
         Poisonous Vapours |     9 |    26 |    12 |     5 ||    52
         Mephitic Cloud    |       |     3 |     6 |     2 ||    11
         Olgreb's Toxic Ra |       |     1 |    14 |     5 ||    20
 Invoke: Temporal Distorti |       |       |       |     1 ||     1
  Evoke: Wand              |       |     2 |     6 |     4 ||    12
    Use: Scroll            |     5 |     4 |    11 |     5 ||    25
         Potion            |     1 |       |     7 |     2 ||    10
   Stab: Sleeping          |     3 |    10 |     8 |       ||    21
         Confused          |       |       |     1 |       ||     1
         Distracted        |       |       |       |     1 ||     1
 Armour: Skin              |     5 |     4 |    13 |       ||    22
  Dodge: Dodged            |    27 |    38 |   115 |    20 ||   200

Table legend: (Time is in decaauts)
 A = Elapsed time spent in this place.
 B = Non-inter-level travel time spent in this place.
 C = Inter-level travel time spent in this place.
 D = Time resting spent in this place.
 E = Time spent auto-exploring this place.
 F = Levels seen in this place.
 G = Mean time per level.
                   A        B        C        D        E       F      G
               +--------+--------+--------+--------+--------+-----+--------+
         Total |  10792 |  10378 |    414 |   3657 |   5153 |  10 | 1079.2 |
       Dungeon |   8734 |   8320 |    414 |   2057 |   5008 |   8 | 1091.8 |
       Ossuary |   1157 |   1157 |      0 |    958 |     59 |   1 | 1157.0 |
        Bailey |    900 |    900 |      0 |    641 |     85 |   1 |  900.0 |
               +--------+--------+--------+--------+--------+-----+--------+

Top non-repeatable levels by time:
     D:6: 1724 daAuts
     D:5: 1511 daAuts
     D:4: 1437 daAuts
 Ossuary: 1157 daAuts
     D:2: 1101 daAuts
     D:3: 995 daAuts
     D:7: 987 daAuts
  Bailey: 900 daAuts
     D:1: 860 daAuts
     D:8: 118 daAuts
